 Dungeon Crawl Stone Soup version 0.21.1-1-g345015f (webtiles) character file.

252159 Verendum the Brawler (level 20, 0/161 HPs)
             Began as a Ghoul Abyssal Knight on May 3, 2018.
             Was the Champion of Lugonu.
             Slain by Verendum's illusion (42 damage)
             ... woven by Mara
             ... on level 3 of the Spider Nest.
             The game lasted 02:08:15 (45740 turns).

Verendum the Brawler (Ghoul Abyssal Knight)        Turns: 45740, Time: 02:08:16

Health: 0/161      AC: 31    Str: 24    XL:     20   Next: 12%
Magic:  25/26      EV:  9    Int:  7    God:    Lugonu [******]
Gold:   1052       SH: 23    Dex: 25    Spells: 22/23 levels left

rFire    . . .     SeeInvis .     - Unarmed
rCold    + + .     Gourm    .   Z - +0 large shield
rNeg     + + +     Faith    .   J - +6 plate armour {rC+}
rPois    ∞         Spirit   .   V - +0 helmet of Elyvilon's Whim {rElec rPois Str-2 Dex+8}
rElec    +         Reflect  .   e - +0 cloak
rCorr    .         Harm     .   r - +0 pair of gloves of Untold Secrets {Dex+5}
MR       +....                  Y - +0 pair of boots
Stlth    ..........             (no amulet)
HPRegen  0.00/turn              f - +5 ring of protection
MPRegen  0.20/turn              U - +3 ring of slaying

@: mighty, rotting, hasted, very quick
A: rotting body, claws 1, carnivore, cold resistance 1, negative energy
resistance 3, inhibited regeneration, torment resistance, unbreathing
}: 1/15 runes: decaying
a: Depart the Abyss, Bend Space, Banish, Corrupt, Enter the Abyss, Brand Weapon
With Distortion, Renounce Religion


You were on level 3 of the Spider Nest.
You worshipped Lugonu.
Lugonu was exalted by your worship.
You were not hungry.

You visited 5 branches of the dungeon, and saw 30 of its levels.
You visited the Abyss 1 time.
You also visited: Bailey and Ice Cave.

You collected 3121 gold pieces.
You spent 2069 gold pieces at shops.

Inventory:

Missiles
 C - 4 exploding tomahawks (quivered)
Armour
 e - a +0 cloak (worn)
 r - the +0 pair of gloves of Untold Secrets (worn) {Dex+5}
   (You found it on level 5 of the Dungeon)

   It affects your dexterity (+5).
 J - a +6 plate armour of cold resistance (worn)
 V - the +0 helmet of Elyvilon's Whim (worn) {rElec rPois Str-2 Dex+8}
   (You bought it in a shop on level 2 of the Orcish Mines)

   It affects your strength (-2).
   It affects your dexterity (+8).
   It insulates you from electricity.
   It protects you from poison.
 Y - a +0 pair of boots (worn)
 Z - a +0 large shield (worn)
Jewellery
 f - a +5 ring of protection (left hand)
 t - an uncursed ring of protection from cold
 F - an uncursed ring of see invisible
 U - a +3 ring of slaying (right hand)
Wands
 j - a wand of acid (8)
 s - a wand of iceblast (16)
 v - a wand of disintegration (3)
 D - a wand of polymorph (17)
 I - a wand of scattershot (4)
 N - a wand of paralysis (15)
 T - a wand of flame (33)
 W - a wand of random effects (27)
 X - a wand of clouds (4)
Scrolls
 g - 8 scrolls of amnesia
 h - 6 scrolls of fog
 i - 5 scrolls of blinking
 m - 21 scrolls of remove curse
 p - 7 scrolls of teleportation
 q - 4 scrolls of magic mapping
 w - 2 scrolls of brand weapon
 y - a scroll of silence
 E - 6 scrolls of enchant weapon
 H - 6 scrolls of enchant armour
 R - 3 scrolls of immolation
 S - 3 scrolls of fear
Potions
 a - a potion of resistance
 c - 7 potions of flight
 d - a potion of berserk rage
 k - 4 potions of curing
 l - 5 potions of agility
 n - 7 potions of cancellation
 o - 3 potions of might
 z - a potion of invisibility {unknown}
 A - 3 potions of haste
 B - 3 potions of brilliance {unknown}
 L - a potion of magic {unknown}
Books
 K - a book of Cantrips

   Spells                             Type                      Level
   a - Confusing Touch                Hexes                        1
   b - Animate Skeleton               Necromancy                   1
   c - Summon Small Mammal            Summoning                    1
   d - Apportation                    Translocation                1
Miscellaneous
 x - a lightning rod (4/4)
Comestibles
 b - 64 rations
 u - 3 chunks of flesh


   Skills:
 - Level 10.0 Fighting
 - Level 10.1 Armour
 - Level 4.6 Dodging
 * Level 17.8 Shields
 - Level 20.0 Unarmed Combat
 - Level 2.2 Spellcasting
 + Level 3.7 Translocations
 - Level 10.1 Invocations


You had 22 spell levels left.
You knew the following spells:

 Your Spells              Type           Power        Failure   Level  Hunger
a - Apportation           Tloc           #.....       92%         1    ##.....


Dungeon Overview and Level Annotations

Branches:
Dungeon (15/15)            Temple (0/1) D:7            Lair (6/6) D:8
  Swamp (4/4) Lair:4       Spider (3/4) Lair:2        Slime (0/5) Lair:5
    Orc (2/2) D:11            Elf (0/3) Orc:2        Vaults (0/5) D:13
 Depths (0/5) D:15

Altars:
Ashenzari
Dithmenos
Gozag
Makhleb
Okawaru
Trog
Wu Jian
Xom
Yredelemnul
Zin
The Shining One

Shops:
D:4 !   D:5 !}!   D:13 %   Orc:2 *![*

Annotations:
D:2 1 runed door
D:11 4 runed doors, exclusion: orange crystal statue
Lair:5 exclusion: 2 oklob plants
Spider:3 Mara
Abyss:1 Nergalle, Psyche


Innate Abilities, Weirdness & Mutations

Your body is rotting away.
You thrive on raw meat.
You are immune to poison.
You have sharp fingernails.
You are carnivorous and can eat meat at any time.
Your flesh is cold resistant. (rC+)
You are immune to negative energy. (rN+++)
You do not regenerate when monsters are visible.
You are immune to unholy pain and torment.
You can survive without breathing.


Message History

You feel better. You block Verendum's illusion's attack.
You punch Mara!
Mara is almost dead.
Mara struggles to get unstuck from the web.
You pummel Mara!!
You kill Mara!
You block Verendum's illusion's attack. Space bends around you!
You blink.
Unknown command.
You block Verendum's illusion's attack.
You hit Mara but do no damage.
Mara is almost dead.
Verendum's illusion hits you but does no damage.
Mara hits you but does no damage.
You pummel Mara!!
Mara is almost dead.
You punch Mara!
Mara is almost dead.
Verendum's illusion hits you!!!
You die...

### ##.# ### ##^#. ..##
##....#.... ####^.# #.....#.<.#
###.^...#.....#...#.. ###
######..#................. ##.##
##....#.#.@@##.^##....#..##
..#.###.##...##R#.##....###.#...^
#.#..#..######.#####..##.#....##.
#.##....# #.#### #...^#.......
##.###.## ##...## #.......#^##
##..### #...R# ###...#..###
##..## ##.##..#...#.#..## ###.#
### ##.#.#..#...# #.#
###^#.†...#.#


You could see Mara and Verendum's illusion.

Vanquished Creatures
  Arachne (Spider:1)
  A tentacled monstrosity (Swamp:4)
  Asterion (Spider:1)
  Kirke (D:12)
  Frances (Spider:2)
  Agnes (Spider:1)
  3 thorn hunters
  Roxanne (Spider:3)
  A ghost moth (Spider:2)
  Louise (Swamp:3)
  An emperor scorpion (Spider:2)
  A very ugly thing (Swamp:4)
  The ghost of kalagan the Thaumaturge, a journeyman GrVM of Vehumet (Lair:6)
  2 green deaths (Swamp:4)
  Josephine (Lair:6)
  Erolcha (D:12)
  4 vault guards (D:13)
  An ice dragon (Lair:5)
  3 ghost crabs
  A catoblepas (D:14)
  14 two-headed ogres
  8 alligators
  3 centaur warriors
  3 ogre magi
  A thrashing horror (Swamp:4)
  Urug (D:12)
  2 deep trolls (Orc:2)
  2 unseen horrors (D:15)
  7 swamp dragons
  5 spriggan druids
  A necromancer (IceCv)
  Pikel (D:8)
  6 orb spiders
  The ghost of gloomy the Skirmisher, a novice DrTm (Lair:1)
  2 deep elf magi (D:15)
  2 orc knights
  13 wolf spiders
  14 ugly things
  4 manticores
  3 orc sorcerers
  6 cyclopes
  Maurice (D:8)
  3 black mambas
  3 elephants (Lair:6)
  A moth of wrath (Spider:1)
  An orange demon (Swamp:4)
  2 gargoyles
  A torpor snail (Spider:1)
  2 ice statues (IceCv)
  21 spiny frogs
  3 centaur skeletons
  A yaktaur (shapeshifter) (D:13)
  10 komodo dragons
  4 rime drakes
  2 trolls (shapeshifter)
  5 demonic crawlers
  9 polar bears (Lair:6)
  3 ice devils (IceCv)
  A polar bear (shapeshifter) (D:14)
  16 trolls
  16 jumping spiders
  Grinder (D:5)
  4 raiju (Lair:6)
  3 tyrant leeches
  6 hornets
  Prince Ribbit (D:7)
  12 blink frogs
  13 bog bodies
  22 hippogriffs
  10 dream sheep
  36 slime creatures
  46 redbacks
  5 spriggans
  8 wraiths
  A vampire (D:13)
  17 tarantellas
  3 wyverns
  2 hogs (D:12)
  9 basilisks
  2 large abominations (Swamp:4)
  6 shadows
  36 vampire mosquitoes
  4 steam dragons
  30 yaks
  2 hungry ghosts
  Menkaure (D:7)
  19 swamp worms
  5 wargs
  Edmund (D:5)
  An acid dragon (Lair:6)
  Duvessa (D:5)
  13 hell hounds (Lair:6)
  11 porcupines
  15 water moccasins
  16 black bears
  8 swamp drakes
  4 sky beasts
  A hornet zombie (D:13)
  20 orc warriors
  11 ice beasts
  4 phantoms
  26 ogres
  25 wolves
  12 centaurs
  14 crocodiles
  2 big kobolds
  2 gnoll sergeants
  12 bullfrogs
  Dowan (D:5)
  A scorpion (D:5)
  A water moccasin skeleton (D:11)
  14 killer bees
  7 jellies
  4 electric eels
  4 howler monkeys
  9 crimson imps
  2 draconian simulacra (IceCv)
  A bullfrog zombie (D:12)
  18 hounds
  2 centaur zombies
  11 orc priests
  21 orc wizards
  9 worker ants
  Terence (D:2)
  10 iguanas
  2 troll simulacra (IceCv)
  Ijyb (D:5)
  2 hell rats (Lair:4)
  A spriggan simulacrum (IceCv)
  2 hound zombies
  4 hound skeletons
  33 gnolls
  A howler monkey skeleton (D:5)
  3 naga simulacra (IceCv)
  15 adders
  2 ogre simulacra (IceCv)
  12 river rats (Lair:4)
  5 shadow imps
  3 white imps (Lair:5)
  2 adder zombies
  A worm (D:4)
  A dart slug (D:2)
  4 leopard geckos
  84 orcs
  7 giant cockroaches
  22 goblins
  27 hobgoblins
  13 jackals
  8 kobolds
  6 quokkas
  2 ball pythons
  8 bats
  7 frilled lizards
  A jackal skeleton (D:7)
  A leopard gecko skeleton (D:5)
  A quokka skeleton (D:4)
  A quokka zombie (D:7)
  5 rats
  A briar patch (Swamp:2)
1139 creatures vanquished.

Vanquished Creatures (others)
  An orc warlord (Bailey)
  An entropy weaver (Spider:2)
  An ettin (D:15)
  A fire dragon (Lair:6)
  13 hydras
  An orc knight (Bailey)
  A redback (Spider:2)
  A slave (D:8)
  7 orc warriors (Bailey)
  A bullfrog zombie (D:8)
  A centaur skeleton (D:8)
  3 gnolls (Bailey)
  5 orcs
  2 goblins (Bailey)
  5 briar patches
  14 fungi
  15 plants
73 creatures vanquished.

Grand Total: 1212 creatures vanquished

Notes
Turn   | Place    | Note
-------+----------+-------------------------------------------
     0 | Abyss:1  | Verendum the Ghoul Abyssal Knight began the quest for the Orb.
     0 | Abyss:1  | Reached XP level 1. HP: 19/19 MP: 1/1
     5 | D:1      | Escaped the Abyss
   138 | D:1      | Reached skill level 3 in Unarmed Combat
   138 | D:1      | Reached XP level 2. HP: 11/26 MP: 2/2
   587 | D:1      | Reached XP level 3. HP: 31/31 MP: 3/3
   850 | D:2      | Reached skill level 4 in Unarmed Combat
  1001 | D:2      | Found a runed door.
  1034 | D:2      | Noticed Terence
  1043 | D:2      | Killed Terence
  1043 | D:2      | Reached ** piety under Lugonu
  1043 | D:2      | Reached XP level 4. HP: 34/38 MP: 4/4
  1271 | D:2      | Reached skill level 5 in Unarmed Combat
  1397 | D:2      | Found a bloodstained altar of Trog.
  2149 | D:3      | Reached XP level 5. HP: 43/44 MP: 5/5
  2760 | D:4      | Noticed an ice beast
  2781 | D:4      | Killed an ice beast
  2781 | D:4      | Reached skill level 6 in Unarmed Combat
  2811 | D:4      | Reached XP level 6. HP: 48/51 MP: 6/6
  3067 | D:4      | Reached *** piety under Lugonu
  3067 | D:4      | Reached skill level 7 in Unarmed Combat
  3396 | D:4      | Found Orakhaim's Distillery.
  3413 | D:4      | Bought 2 potions of heal wounds for 110 gold pieces
  3725 | D:4      | Found a glowing silver altar of Zin.
  3726 | D:4      | Found a glowing golden altar of the Shining One.
  3972 | D:5      | Entered Level 5 of the Dungeon
  3978 | D:5      | Noticed Duvessa
  3979 | D:5      | Noticed Dowan
  4019 | D:5      | Killed Duvessa
  4019 | D:5      | Reached skill level 8 in Unarmed Combat
  4019 | D:5      | Reached XP level 7. HP: 36/57 MP: 7/7
  4138 | D:5      | Killed Dowan
  4474 | D:5      | Found Fidug's Gadget Emporium.
  4505 | D:5      | Reached skill level 9 in Unarmed Combat
  4600 | D:5      | Noticed Grinder
  4608 | D:5      | Killed Grinder
  4608 | D:5      | Reached skill level 10 in Unarmed Combat
  4608 | D:5      | Reached XP level 8. HP: 46/63 MP: 8/8
  4794 | D:5      | Noticed Edmund
  4858 | D:5      | Found Efafo's Distillery.
  4902 | D:5      | Killed Edmund
  4990 | D:5      | Found Uwkuss's Distillery.
  5179 | D:5      | Noticed Ijyb
  5198 | D:5      | Killed Ijyb
  5243 | D:5      | Got a pair of smoking gloves
  5249 | D:5      | Identified the cursed +0 pair of gloves of Untold Secrets {Dex+5} (You found it on level 5 of the Dungeon)
  5562 | D:5      | Reached skill level 11 in Unarmed Combat
  5581 | D:5      | Reached **** piety under Lugonu
  6570 | D:5      | Reached skill level 12 in Unarmed Combat
  6570 | D:5      | Reached XP level 9. HP: 47/67 MP: 9/9
  7555 | D:6      | Reached skill level 5 in Invocations
  8245 | D:6      | Reached skill level 1 in Shields
  8763 | D:6      | Reached ***** piety under Lugonu
  8949 | D:7      | Found a staircase to the Ecumenical Temple.
  9442 | D:7      | Reached XP level 10. HP: 52/77 MP: 14/14
  9760 | D:7      | Noticed Menkaure
  9772 | D:7      | Killed Menkaure
 10066 | D:8      | Noticed Prince Ribbit
 10180 | D:7      | Reached skill level 5 in Shields
 10211 | D:8      | Noticed Maurice
 10219 | D:7      | Killed Prince Ribbit
 10699 | D:8      | Killed Maurice
 10907 | D:5      | Bought 2 potions of might for 88 gold pieces
 10907 | D:5      | Bought a potion of curing for 33 gold pieces
 10907 | D:5      | Bought a potion of heal wounds for 55 gold pieces
 10941 | D:5      | Bought 2 potions of might for 88 gold pieces
 11038 | D:8      | Noticed Pikel
 11059 | D:8      | Killed Pikel
 11145 | D:8      | Noticed Psyche
 11163 | D:8      | Banished Psyche
 12180 | D:8      | Found a basalt altar of Yredelemnul.
 12202 | D:8      | Found a shattered altar of Ashenzari.
 12265 | D:8      | Found a shimmering altar of Xom.
 12285 | D:8      | Found a burning altar of Makhleb.
 12331 | D:8      | Found a staircase to the Lair.
 12496 | D:8      | Found an ornate altar of the Wu Jian Council.
 12787 | D:9      | Found a shadowy altar of Dithmenos.
 12895 | D:9      | Reached XP level 11. HP: 60/82 MP: 16/16
 12926 | D:9      | Found an iron altar of Okawaru.
 13057 | D:9      | Found a flagged portal.
 13190 | D:9      | Found a burning altar of Makhleb.
 13402 | Bailey   | Entered a bailey
 13618 | Bailey   | Noticed an orc knight
 13641 | Bailey   | Banished an orc knight
 13859 | Bailey   | Noticed an orc warlord
 13874 | Bailey   | Corrupted Bailey
 13874 | Bailey   | Noticed a starcursed mass
 13874 | Bailey   | Noticed a white very ugly thing
 13875 | Bailey   | Noticed a starcursed mass
 13875 | Bailey   | Noticed a worldbinder
 13886 | Bailey   | Killed an orc warlord
 13938 | Bailey   | Noticed a sixfirhy
 13976 | Bailey   | Noticed a rakshasa
 14190 | D:10     | Entered Level 10 of the Dungeon
 14973 | D:11     | Reached skill level 10 in Shields
 15285 | D:11     | Noticed an orange crystal statue
 15344 | D:11     | Found a staircase to the Orcish Mines.
 15623 | D:11     | Found a huge runed gate.
 15623 | D:11     | Found a huge runed gate.
 15623 | D:11     | Found a huge runed gate.
 15623 | D:11     | Found a huge runed gate.
 15623 | D:11     | Noticed a death yak
 15624 | D:11     | Noticed a death yak
 16779 | Lair:1   | Entered Level 1 of the Lair of Beasts
 16889 | Lair:1   | Noticed gloomy's ghost (novice DrTm)
 16931 | Lair:1   | Killed gloomy's ghost
 16939 | Lair:1   | Reached XP level 12. HP: 33/89 MP: 18/18
 17823 | Lair:1   | Noticed a seven-headed hydra
 17824 | Lair:1   | Banished a seven-headed hydra
 17935 | Lair:1   | Noticed a seven-headed hydra
 17937 | Lair:1   | Banished a seven-headed hydra
 19055 | Lair:1   | Reached skill level 10 in Invocations
 20234 | Lair:2   | Found a hole to the Spider Nest.
 21446 | Lair:3   | Reached XP level 13. HP: 73/94 MP: 19/19
 22025 | Lair:4   | Noticed Nergalle
 22095 | Lair:4   | Banished Nergalle
 22416 | Lair:4   | Found a dark tunnel.
 22553 | Lair:4   | Reached ****** piety under Lugonu
 22756 | Lair:4   | Found a staircase to the Swamp.
 22890 | Lair:4   | Reached skill level 15 in Shields
 23442 | Lair:5   | Noticed an ice dragon
 23468 | Lair:5   | Killed an ice dragon
 23816 | Lair:5   | Identified a scroll of acquirement
 23876 | Lair:5   | Found a staircase to the Slime Pits.
 23882 | Lair:5   | Got a vibrating marble ring
 23884 | Lair:5   | Identified the ring of Qazlal's Esteem {MP+9 Dex+4} (You acquired it on level 5 of the Lair of Beasts)
 24207 | Lair:6   | Entered Level 6 of the Lair of Beasts
 24324 | Lair:6   | Noticed kalagan's ghost (journeyman GrVM)
 24324 | Lair:6   | Reached skill level 13 in Unarmed Combat
 24389 | Lair:6   | Killed kalagan's ghost
 24446 | Lair:6   | Noticed Josephine
 24482 | Lair:6   | Killed Josephine
 24557 | Lair:6   | Found a frozen archway.
 24600 | IceCv    | Entered an ice cave
 25126 | IceCv    | Reached skill level 5 in Fighting
 25416 | IceCv    | Reached XP level 14. HP: 73/107 MP: 20/20
 25868 | Lair:6   | Reached skill level 14 in Unarmed Combat
 26263 | Lair:6   | Reached skill level 5 in Armour
 27207 | Lair:6   | Reached skill level 15 in Unarmed Combat
 27330 | Lair:6   | HP: 4/111 [raiju/living lightning (14)]
 28255 | D:12     | Noticed Erolcha
 28271 | D:12     | Killed Erolcha
 28446 | D:12     | Noticed Urug
 28463 | D:12     | Killed Urug
 28902 | D:12     | Noticed Kirke
 28929 | D:12     | Killed Kirke
 29314 | D:13     | Reached XP level 15. HP: 112/118 MP: 21/21
 29492 | D:13     | Reached skill level 16 in Unarmed Combat
 29811 | D:13     | Found Burearyeri's Food Boutique.
 29946 | D:13     | Found a gate to the Vaults.
 30664 | D:14     | Found an opulent altar of Gozag.
 30720 | D:15     | Entered Level 15 of the Dungeon
 31709 | D:15     | Reached skill level 17 in Unarmed Combat
 32323 | D:15     | Found a staircase to the Depths.
 32490 | Orc:1    | Entered Level 1 of the Orcish Mines
 32659 | Orc:2    | Entered Level 2 of the Orcish Mines
 32659 | Orc:2    | Found a staircase to the Elven Halls.
 33261 | Orc:2    | Reached XP level 16. HP: 123/131 MP: 22/22
 33313 | Orc:2    | Reached skill level 18 in Unarmed Combat
 34274 | Orc:2    | Found Cogetz's Antique Armour Emporium.
 34277 | Orc:2    | Found Saineliwn's General Store.
 34289 | Orc:2    | Found Plog's General Store.
 34290 | Orc:2    | Found Ogiug's Distillery.
 34296 | Orc:2    | Bought a scroll of acquirement for 832 gold pieces
 34301 | Orc:2    | Bought a dazzling helmet for 294 gold pieces
 34311 | Orc:2    | Bought a potion of heal wounds for 65 gold pieces
 34311 | Orc:2    | Bought a potion of curing for 39 gold pieces
 34316 | Orc:2    | Bought a potion of curing for 45 gold pieces
 34316 | Orc:2    | Bought a potion of heal wounds for 75 gold pieces
 34316 | Orc:2    | Bought a potion of might for 60 gold pieces
 34316 | Orc:2    | Bought a potion of might for 60 gold pieces
 34316 | Orc:2    | Bought a potion of heal wounds for 75 gold pieces
 34316 | Orc:2    | Bought a potion of heal wounds for 75 gold pieces
 34316 | Orc:2    | Bought a potion of heal wounds for 75 gold pieces
 34537 | Orc:2    | Identified the +0 helmet of Elyvilon's Whim {rElec rPois Str-2 Dex+8} (You bought it in a shop on level 2 of the Orcish Mines)
 34730 | Swamp:1  | Entered Level 1 of the Swamp
 35710 | Swamp:1  | Noticed a thorn hunter
 35768 | Swamp:1  | Killed a thorn hunter
 37242 | Swamp:2  | Noticed a thorn hunter
 37273 | Swamp:2  | Killed a thorn hunter
 37273 | Swamp:2  | Reached skill level 10 in Armour
 37643 | Swamp:2  | Reached skill level 10 in Fighting
 38299 | Swamp:3  | Reached skill level 19 in Unarmed Combat
 38315 | Swamp:3  | Noticed Louise
 38620 | Swamp:3  | Killed Louise
 39127 | Swamp:3  | Reached XP level 17. HP: 99/138 MP: 23/23
 39553 | Swamp:4  | Entered Level 4 of the Swamp
 41597 | Swamp:4  | Noticed a tentacled monstrosity
 41616 | Swamp:4  | Killed a tentacled monstrosity
 41821 | Swamp:4  | Got a decaying rune of Zot
 42111 | Spider:1 | Entered Level 1 of the Spider Nest
 42376 | Spider:1 | Reached skill level 20 in Unarmed Combat
 42911 | Spider:1 | Noticed Asterion
 42915 | Spider:1 | Noticed an Executioner
 42946 | Spider:1 | Killed Asterion
 43167 | Spider:1 | Reached XP level 18. HP: 147/147 MP: 24/24
 43168 | Spider:1 | Reached XP level 19. HP: 154/154 MP: 25/25
 43173 | Spider:1 | Learned a level 1 spell: Apportation
 43238 | Spider:2 | Noticed Arachne
 43240 | Spider:2 | Noticed Agnes
 44096 | Spider:1 | Killed Agnes
 44749 | Spider:1 | Killed Arachne
 44987 | Spider:2 | Noticed Frances
 45017 | Spider:2 | Killed Frances
 45017 | Spider:2 | Reached XP level 20. HP: 72/161 MP: 26/26
 45408 | Spider:3 | Noticed Roxanne
 45454 | Spider:3 | Killed Roxanne
 45693 | Spider:3 | Noticed Mara
 45703 | Spider:3 | Noticed Verendum's illusion
 45740 | Spider:3 | Slain by Verendum's illusion

Skill      XL: |  1  2  3  4  5  6  7  8  9 10 11 12 13 14 15 16 17 18 19 |
---------------+----------------------------------------------------------+-----
Unarmed Combat | 3 4 5 6 8 10 12 13 15 17 19 20 | 20.0
Invocations    | 7 8 9 10 | 10.1
Shields        | 3 8 11 14 15 16 17 | 17.8
Armour         | 4 6 8 10 | 10.1
Fighting       | 5 7 9 10 | 10.0
Dodging        | 4 |  4.6
Spellcasting   | 2 |  2.2
Translocations | 3 |  3.7

Action                   |  1- 3 |  4- 6 |  7- 9 | 10-12 | 13-15 | 16-18 | 19-21 || total
-------------------------+-------+-------+-------+-------+-------+-------+-------++-------
Melee: Unarmed           |   109 |   191 |   504 |  1478 |  2012 |  1205 |   461 ||  5960
       Punch             |     1 |     3 |    17 |       |       |       |       ||    21
Throw: Tomahawk          |       |       |       |       |     3 |       |       ||     3
Invok: Bend Space        |       |       |       |     3 |       |     2 |     4 ||     9
       Banish            |       |       |       |     8 |    16 |    14 |     1 ||    39
       Corrupt           |       |       |       |     1 |       |       |       ||     1
Evoke: Wand              |       |       |       |     2 |       |       |    14 ||    16
  Use: Potion            |     1 |       |     3 |     6 |    10 |    11 |     6 ||    37
       Scroll            |       |     1 |       |    13 |    10 |    11 |     1 ||    36
 Stab: Distracted        |       |       |       |       |     1 |       |       ||     1
       Petrified         |       |       |       |       |     3 |       |       ||     3
       Petrifying        |       |       |       |       |     1 |       |       ||     1
  Eat: Chunk             |     6 |    16 |    37 |   125 |   185 |    81 |    49 ||   499
       Ration            |       |       |     1 |       |       |     1 |       ||     2
Armor: Ring mail         |    30 |    20 |       |       |       |       |       ||    50
       Leather armour    |     6 |       |       |       |       |       |       ||     6
       Chain mail        |       |    74 |   217 |   252 |       |       |       ||   543
       Plate armour      |       |       |       |   407 |   880 |   668 |   359 ||  2314
Dodge: Dodged            |    59 |    60 |   128 |   201 |   290 |   172 |   142 ||  1052
Block: Shield            |       |       |    73 |  1012 |  1314 |   412 |       ||  2811
       Large shield      |       |       |       |       |       |   710 |   633 ||  1343
